 Dungeon Crawl Stone Soup version 0.23.1 (webtiles) character file.

Game seed: 4563864578865991499

104 Borgoz the Sneak (level 4, -4/33 HPs)
             Began as a Ghoul Enchanter on Mar 8, 2019.
             Slain by Terence
             ... wielding a +0 trident
              (10 damage)
             ... on level 2 of the Dungeon.
             The game lasted 00:03:36 (1963 turns).

Borgoz the Sneak (Ghoul Enchanter)                  Turns: 1963, Time: 00:03:37

Health: -4/33      AC:  5    Str:  9 (11) XL:     4   Next: 80%
Magic:  2/5        EV: 10    Int:  8 (10) God:
Gold:   99         SH:  0    Dex:  8 (10) Spells: 3/6 levels left

rFire    . . .     SeeInvis .   a - +2 dagger
rCold    + . .     Gourm    .   (no shield)
rNeg     + + +     Faith    .   l - +0 ring mail
rPois    ∞         Spirit   .   (no helmet)
rElec    .         Reflect  .   f - scarf {cloud immunity}
rCorr    .         Harm     .   (no gloves)
MR       .....                  (no boots)
Stlth    +.........             (no amulet)
HPRegen  0.00/turn              (no ring)
MPRegen  0.09/turn              (no ring)

@: very slightly contaminated, rotting
A: rotting body, claws 1, carnivore, cold resistance 1, negative energy
resistance 3, inhibited regeneration, torment resistance, unbreathing
a: no special abilities


You were on level 2 of the Dungeon.
You were not hungry.

You visited 1 branch of the dungeon, and saw 2 of its levels.

You collected 99 gold pieces.

Inventory:

Hand Weapons
 a - a +2 dagger (weapon)
Armour
 f - a scarf of cloud immunity (worn)
 l - a +0 ring mail (worn)
Scrolls
 c - 2 scrolls of remove curse
 e - a scroll of enchant armour {unknown}
 g - a scroll of identify {unknown}
 h - a scroll of enchant weapon
 j - a scroll of fog {unknown}
 k - a scroll of magic mapping
 m - a scroll of teleportation {unknown}
Comestibles
 b - 4 chunks of flesh
 d - 5 rations


   Skills:
 * Level 2.9 Short Blades
 + Level 1.6 Armour
 + Level 2.6 Dodging
 - Level 3.2 Stealth
 - Level 1.7 Spellcasting
 - Level 2.4 Hexes


You had 3 spell levels left.
You knew the following spells:

 Your Spells              Type           Power        Failure   Level  Hunger
a - Corona                Hex            #......      36%         1    ##.....
b - Ensorcelled Hibernat  Hex/Ice        #.....       67%         2    ###....

Your spell library contained the following spells:

 Spells                   Type           Power        Failure   Level  Hunger
 Confuse                  Hex            #.......     73%         3    ####...
 Tukima's Dance           Hex            #.......     73%         3    ####...
 Dazzling Spray           Conj/Hex       #.....       88%         3    ####...


Dungeon Overview and Level Annotations

Branches:
Dungeon (2/15)

Altars:

Annotations:
D:2 Terence


Innate Abilities, Weirdness & Mutations

Your body is rotting away.
You thrive on raw meat.
You are immune to poison.
You have sharp fingernails.
You are carnivorous and can eat meat at any time.
Your flesh is cold resistant. (rC+)
You are immune to negative energy. (rN+++)
You do not regenerate when monsters are visible.
You are immune to unholy pain and torment.
You can survive without breathing.


Message History

Your +1 dagger glows red for a moment.
The hound barely misses you. Terence hits you but does no damage.
You hit the hound.
The hound is moderately wounded.
The hound bites you. Terence hits you but does no damage.
You barely miss the hound.
The hound is moderately wounded.
The hound barely misses you. The hound bites you.
* * * LOW HITPOINT WARNING * * *
You closely miss the hound.
The hound is moderately wounded.
Terence hits you from afar with a +0 trident.
* * * LOW HITPOINT WARNING * * *
The hound closely misses you.
As you read the scroll labeled KAARABA OTHROWEOPO, it crumbles to dust.
You hear a loud clanging noise!
It was a scroll of noise.
The hound bites you.
* * * LOW HITPOINT WARNING * * *
Terence hits you from afar with a +0 trident!
You die...

***********#.#.# #..#
*,,**,****#.#.# #..#
*,*,*,*,,*#.#.# #..#
**,**,,,,,,,,#.######..#
,,,,,,,,,,**,..........#
**,***,****###.######.##
*,* *,,,,,,...# #.#
**,***########.######.#
*,,,,,........@h@.....#
*,,***#################
*,,** *,,,* ,,*,* ***,*
*,* *,* *,*


You could see Terence and a hound.

Vanquished Creatures
  Jessica (D:2)
  2 oozes (D:2)
  2 dart slugs (D:2)
  2 leopard geckos
  4 orcs
  5 giant cockroaches
  7 goblins
  7 hobgoblins
  4 jackals (D:1)
  8 bats
  2 frilled lizards (D:2)
  6 kobolds
  6 rats
56 creatures vanquished.

Notes
Turn   | Place    | Note
-------+----------+-------------------------------------------
     0 | D:1      | Borgoz the Ghoul Enchanter began the quest for the Orb.
     0 | D:1      | Reached XP level 1. HP: 14/14 MP: 2/2
    55 | D:1      | Reached skill level 1 in Short Blades
   386 | D:1      | Reached XP level 2. HP: 19/20 MP: 3/3
   593 | D:1      | Reached XP level 3. HP: 21/26 MP: 4/4
   634 | D:1      | Reached skill level 1 in Armour
   788 | D:1      | Learned a level 2 spell: Ensorcelled Hibernation
  1124 | D:2      | Reached XP level 4. HP: 33/33 MP: 5/5
  1400 | D:2      | Found a faded altar of an unknown god.
  1407 | D:2      | Noticed Jessica
  1756 | D:2      | Killed Jessica
  1941 | D:2      | Noticed Terence
  1963 | D:2      | Slain by Terence

Skill      XL: |  1  2  3 |
---------------+----------+-----
Short Blades   | 1 2 |  2.9
Dodging        | 2 |  2.6
Armour         | 1 |  1.6
Stealth        | |  3.2
Spellcasting   | |  1.7
Hexes          | |  2.4

Action                   |  1- 3 |  4- 6 || total
-------------------------+-------+-------++-------
Melee: Dagger            |   164 |    98 ||   262
  Use: Scroll            |       |     4 ||     4
       Potion            |       |     2 ||     2
 Stab: Sleeping          |     5 |       ||     5
  Eat: Chunk             |    14 |     1 ||    15
Armor: Robe              |    29 |       ||    29
       Ring mail         |    15 |    28 ||    43
Dodge: Dodged            |    98 |    49 ||   147
